 Dungeon Sprint DCSS version 0.27.1-2-g3b301248ec (webtiles) character file.

Game seed: 89313345905771664

2377 boopmooplesden the Blocker (level 9, -10/90 HPs)
             Began as a Minotaur Fighter on Sept 22, 2021.
             Was a Believer of Okawaru.
             Mangled by Kirke (11 damage)
             ... in the Dungeon (Sprint II: "The Violet Keep of Menkaure").
             The game lasted 00:05:35 (1145 turns).

boopmooplesden the Blocker (Minotaur Fighter)       Turns: 1145, Time: 00:05:35

Health: -10/90     AC:  0    Str: 24    XL:     9   Next: 21%
Magic:  8/8        EV: 15    Int:  5    God:    Okawaru [**....]
Gold:   313        SH:  0    Dex: 10    Spells: 8/8 levels left

rFire    . . .     SeeInvis .   (weapon currently unavailable)
rCold    . . .     Faith    .   (shield currently unavailable)
rNeg     . . .     Spirit   .   (armour currently unavailable)
rPois    .         Reflect  .   (helmet currently unavailable)
rElec    .         Harm     .   (cloak currently unavailable)
rCorr    .         Rampage  .   (gloves currently unavailable)
Will     .....     NoTele   +   (boots currently unavailable)
Stlth    +.........             (no amulet)
HPRegen  0.25/turn              (ring currently unavailable)
MPRegen  0.11/turn              (ring currently unavailable)

@: pig-form, slowed, very slow
A: fast, no casting, small, (horns 2), (retaliatory headbutt)
a: Renounce Religion, Heroism


You were in the Dungeon.
You worshipped Okawaru.
Okawaru was pleased with you.
You were a filthy swine.
You visited 1 branch You collected 1200 gold pieces.
You spent 887 gold pieces at shops.

Inventory:

Hand Weapons
 a - a +0 war axe
 b - the +7 hand axe "Saatta" (melded) {protect, Int+4 Stlth+}
   (You bought it in a shop in the Dungeon)

   It grants its wielder temporary protection when it strikes (+7 to AC).
   Int:       It affects your intelligence (+4).
   Stlth:     It makes you more stealthy.
Armour
 c - a +0 kite shield (melded)
 k - the +0 hat "Pifamo Voux" (melded) {rF+ Dex+4}
   (You bought it in a shop in the Dungeon)

   Dex:       It affects your dexterity (+4).
   rF:        It protects you from fire.
 l - the +2 chain mail of Wedon (melded) {rN+ Stlth+}
   (You bought it in a shop in the Dungeon)

   rN:        It protects you from negative energy.
   Stlth:     It makes you more stealthy.
 m - a +0 cloak (melded)
 n - a +0 pair of gloves (melded)
Jewellery
 s - a ring of poison resistance
 t - an amulet of regeneration
Scrolls
 j - a scroll of blinking
 r - 2 scrolls of summoning
 x - a scroll of vulnerability
Potions
 d - 5 potions of flight
 e - 2 potions of curing
 f - 4 potions of heal wounds
 g - 2 potions of haste
 h - 5 potions of magic
 i - a potion of berserk rage
 o - a potion of lignification {unknown}
 p - 3 potions of resistance
 w - a potion of ambrosia


   Skills:
 + Level 12.2 Fighting
 + Level 12.7 Axes
 + Level 11.8 Armour
 + Level 4.4 Dodging
 + Level 1.9 Stealth
 + Level 13.1 Shields


You had 8 spell levels left.
You didn't know any spells.
Your spell library contained the following spells:

 Spells                   Type           Power      Damage    Failure   Level
 Dazzling Flash           Conj/Hex       0%         N/A       85%         3
 Agony                    Necr           0%         N/A       100%        5
 Silence                  Hex/Air        0%         N/A       100%        5


Dungeon Overview and Level Annotations

Branches:
Dungeon (1/1)

Altars:
Cheibriados
Dithmenos
Elyvilon
Fedhas
Gozag
Hepliaklqana
Kikubaaqudgha
Makhleb
Nemelex Xobeh
Okawaru
Qazlal
Ru
Sif Muna
Trog
Uskayaw
Vehumet
Wu Jian
Xom
Yredelemnul
Zin
The Shining One
Beogh
Jiyva
Lugonu

Shops:
D [?::[?[!(=![=((

Annotations:
D exclusion: oklob plant, Kirke, Roxanne


Innate Abilities, Weirdness & Mutations

You are a filthy swine.
You move quickly.
Your equipment is almost entirely melded.
You are incapable of wielding weapons or throwing items.
You cannot cast spells.
((You have a pair of horns on your head.))
((You reflexively headbutt those who attack you in melee.))


Message History

The sphinx hits you! You block the sphinx's attack.
You closely miss something. Your headbutt misses something.
You barely miss the sphinx.
The sphinx casts a spell.
Something smites you! Something hits you but does no damage.
The skeletal warrior hits you from afar with a +0 halberd.
Your unstable footing causes you to fumble your attack.
The sphinx hits you but does no damage. You block the sphinx's attack. x2
Something hits you but does no damage.
You block the skeletal warrior's attack.
Your unstable footing causes you to fumble your attack.
The sphinx barely misses you. The sphinx hits you but does no damage.
The sphinx hits you. Something hits you.
The skeletal warrior splashes around in the water.
You miss something. You hit the sphinx but do no damage.
The sphinx barely misses you. x2; The sphinx hits you but does no damage.
You hear some strange, mumbled words.
You turn into a filthy swine.
The +7 hand axe "Saatta" {protect, Int+4 Stlth+} melds into your body.
Your +0 cloak melds into your body.
The +0 hat "Pifamo Voux" {rF+ Dex+4} melds into your body.
Your +0 pair of gloves melds into your body.
Your +0 kite shield melds into your body.
The +2 chain mail of Wedon {rN+ Stlth+} melds into your body.
The +7 hand axe "Saatta" {protect, Int+4 Stlth+} goes still.
The skeletal warrior barely misses you. The sphinx hits you!!
* * * LOW HITPOINT WARNING * * *
The sphinx closely misses you. The sphinx barely misses you.
You hit something.
You hear some strange, mumbled words.
You feel a momentary urge to oink.
The skeletal warrior hits you from afar with a +0 halberd!
* * * LOW HITPOINT WARNING * * *
The sphinx mumbles some strange words.
You feel as though you will be slow longer.
Unknown command.
Unknown command.
Unknown command.
You closely miss something. Something hits you!
You die...

## YK#### ○. z.z## °z
############{≈#+++#+++
###########hH≈........
##.......[#≈≈≈≈.##+##..
##....⌠...#≈≈≈≈##...##.####
##...∩.∩..#≈≈≈≈#..#..# ...#
##..∩...∩.#≈≈####.#.####..##
##.∩.∩.∩.∩#≈##.###'###.##..#
##∩.∩...∩.#≈#..###.##...#..#
##.∩.....∩'≈'##.'.<.†.##'..#
##∩.......#≈#..###.####.#...


You could see a sphinx (summoned) and a skeletal warrior.

Vanquished Creatures
  A merfolk siren (D)
  A yaktaur (D)
  3 polar bears (D)
  A hornet (D)
  Menkaure (D)
  3 water moccasins (D)
  4 necrophages (D)
  4 scorpions (D)
  A hell rat (D)
  3 worms (D)
22 creatures vanquished.

Vanquished Creatures (others)
  A water moccasin (D)
  12 tentacles (D)
13 creatures vanquished.

Grand Total: 35 creatures vanquished

Notes
Turn   | Place    | Note
-------+----------+-------------------------------------------
     0 | D        | boopmooplesden the Minotaur Fighter began the quest for the
                  | Orb.
     0 | D        | Reached XP level 1. HP: 19/19 MP: 0/0
     1 | D        | Noticed a necrophage
     1 | D        | Noticed a necrophage
     1 | D        | Noticed a necrophage
     1 | D        | Noticed a necrophage
    10 | D        | Killed a necrophage
    11 | D        | Reached skill level 6 in Shields
    11 | D        | Reached XP level 2. HP: 13/31 MP: 1/1
    11 | D        | Reached XP level 3. HP: 15/38 MP: 2/2
    11 | D        | Reached XP level 4. HP: 18/45 MP: 3/3
    11 | D        | Killed a water moccasin
    14 | D        | Killed a necrophage
    15 | D        | Reached skill level 7 in Shields
    15 | D        | Reached XP level 5. HP: 16/53 MP: 4/4
    20 | D        | Killed a necrophage
    21 | D        | Reached skill level 9 in Shields
    24 | D        | Killed a necrophage
    25 | D        | Reached skill level 5 in Axes
    25 | D        | Reached XP level 6. HP: 17/64 MP: 5/5
   262 | D        | Reached skill level 1 in Dodging
   262 | D        | Reached skill level 10 in Shields
   264 | D        | Reached skill level 10 in Fighting
   269 | D        | Reached skill level 10 in Armour
   273 | D        | Reached XP level 7. HP: 22/73 MP: 6/6
   506 | D        | Noticed a merfolk siren
   521 | D        | Killed a merfolk siren
   522 | D        | Reached skill level 11 in Shields
   585 | D        | Found Xecos's Jewellery Shoppe.
   585 | D        | Found Tomoit's Antique Weapon Shoppe.
   585 | D        | Found Totuef's Distillery.
   585 | D        | Found Paac's Antique Weapon Shoppe.
   585 | D        | Found Agudegent's Armour Emporium.
   585 | D        | Found Miczohuop's Jewellery Shoppe.
   585 | D        | Found Bigaacre's Distillery.
   586 | D        | Found Lehom's Weapon Emporium.
   586 | D        | Found Bebe's Antique Armour Shoppe.
   586 | D        | Found Zeum's Magic Scroll Emporium.
   588 | D        | Noticed Menkaure
   588 | D        | Noticed a manticore
   605 | D        | Killed Menkaure
   606 | D        | Reached skill level 1 in Stealth
   606 | D        | Reached XP level 8. HP: 82/82 MP: 7/7
   608 | D        | Found Leoskeirr's Antique Armour Shoppe.
   608 | D        | Found Tiuxajan's Book Emporium.
   608 | D        | Noticed a manticore
   608 | D        | Noticed a manticore
   608 | D        | Noticed an oklob plant
   653 | D        | Found Humacs's Magic Scroll Shoppe.
   653 | D        | Found Nuuk's Antique Armour Emporium.
   653 | D        | Found Cacu Ided's Book Shoppe.
   654 | D        | Noticed a polar bear
   657 | D        | Bought the +0 scale mail of Ylonastre {MP-9 Dex+2 Slay+2}
                  | for 56 gold pieces
   657 | D        | Bought the +2 chain mail of Wedon {rN+ Stlth+} for 342 gold
                  | pieces
   657 | D        | Bought a +0 cloak for 54 gold pieces
   669 | D        | Noticed a polar bear
   682 | D        | Noticed a hell hog
   683 | D        | Noticed a hell hog
   684 | D        | Bought an iridescent hand axe for 152 gold pieces
   684 | D        | Identified the +7 hand axe "Saatta" {protect, Int+4 Stlth+}
                  | (You bought it in a shop in the Dungeon)
   689 | D        | Bought a fine hat for 189 gold pieces
   689 | D        | Identified the +0 hat "Pifamo Voux" {rF+ Dex+4} (You bought
                  | it in a shop in the Dungeon)
   689 | D        | Bought a pair of gloves for 94 gold pieces
   721 | D        | Found an iron altar of Okawaru.
   721 | D        | Found a radiant altar of Vehumet.
   721 | D        | Found a glowing silver altar of Zin.
   722 | D        | Found a sparkling altar of Nemelex Xobeh.
   722 | D        | Found a hide-covered altar of Uskayaw.
   723 | D        | Found an opulent altar of Gozag.
   723 | D        | Found a burning altar of Makhleb.
   723 | D        | Found a bloodstained altar of Trog.
   723 | D        | Found a basalt altar of Yredelemnul.
   724 | D        | Found a blossoming altar of Fedhas.
   724 | D        | Found a corrupted altar of Lugonu.
   724 | D        | Found a shimmering blue altar of Sif Muna.
   724 | D        | Found a shimmering altar of Xom.
   725 | D        | Found a white marble altar of Elyvilon.
   725 | D        | Found an ancient bone altar of Kikubaaqudgha.
   725 | D        | Found a sacrificial altar of Ru.
   726 | D        | Found a shadowy altar of Dithmenos.
   726 | D        | Found a viscous altar of Jiyva.
   727 | D        | Found a snail-covered altar of Cheibriados.
   729 | D        | Found a hazy altar of Hepliaklqana.
   729 | D        | Noticed a hornet
   729 | D        | Noticed a polar bear
   729 | D        | Noticed a polar bear
   730 | D        | Found a glowing golden altar of the Shining One.
   730 | D        | Found an ornate altar of the Wu Jian Council.
   730 | D        | Found a stormy altar of Qazlal.
   730 | D        | Noticed a yaktaur
   730 | D        | Noticed a polar bear
   732 | D        | Became a worshipper of Warmaster Okawaru
   744 | D        | Killed a polar bear
   747 | D        | Killed a polar bear
   748 | D        | Reached skill level 10 in Axes
   748 | D        | Reached skill level 12 in Shields
   751 | D        | Killed a polar bear
   751 | D        | Reached * piety under Okawaru
   753 | D        | Killed a yaktaur
   759 | D        | Killed a hornet
   760 | D        | Reached XP level 9. HP: 83/90 MP: 8/8
   769 | D        | Noticed a kraken
   779 | D        | Reached ** piety under Okawaru
   780 | D        | Reached skill level 13 in Shields
  1049 | D        | Noticed Roxanne
  1105 | D        | Noticed an obsidian statue
  1121 | D        | Noticed Kirke
  1121 | D        | Noticed a skeletal warrior
  1122 | D        | Noticed a centaur warrior
  1122 | D        | Noticed an elephant
  1122 | D        | Noticed a kobold demonologist
  1135 | D        | Noticed a sphinx
  1144 | D        | HP: 1/90 [skeletal warrior (9)]
  1145 | D        | Mangled by Kirke

Illustrated notes

Levels and vault maps discovered:
D:        the_violet_keep_of_menkaure [sprint2_stairs_cluster_1,
          sprint2_shoproom, sprint2_temple, sprint2_basic_supplies,
          sprint2_obstacle_3, sprint2_obstacle_6, sprint2_obstacle_1,
          sprint2_obstacle_2, sprint2_obstacle_4, sprint2_timed_cluster_1,
          sprint2_smallroom_cluster_1, sprint2_smallroom_final_cluster_1,
          sprint2_transparent_cluster_1, sprint2_second_timed_cluster_1,
          sprint2_sniper_area_1, sprint2_heavy_combat_area_1,
          sprint2_mutation_trap_area_1, sprint2_forest_area_1,
          sprint2_light_combat_area_1, sprint2_behind_water_1,
          sprint2_near_end_vault_1]

Skill      XL: |  1  2  3  4  5  6  7  8  9 |
---------------+----------------------------+-----
Fighting       | 6 7 9 10 11 12 | 12.2
Axes           | 3 4 5 6 9 12 | 12.7
Armour         | 6 7 9 10 11 | 11.8
Shields        | 6 7 9 10 11 12 13 | 13.1
Dodging        | 1 2 4 |  4.4
Stealth        | 1 |  1.9

Action                   |  1- 3 |  4- 6 |  7- 9 || total
-------------------------+-------+-------+-------++-------
Melee: War axe           |     8 |    25 |    36 ||    69
       Headbutt          |     3 |     5 |    16 ||    24
       Hand axe          |       |       |    46 ||    46
       Unarmed           |       |       |     2 ||     2
Invok: Heroism           |       |       |     1 ||     1
  Use: Potion            |       |       |     2 ||     2
       Scroll            |       |       |     7 ||     7
Armor: Scale mail        |     1 |     9 |     4 ||    14
       Chain mail        |       |       |    32 ||    32
Dodge: Dodged            |     2 |     6 |    25 ||    33
Block: Kite shield       |     6 |    10 |    61 ||    77
